 Dungeon Crawl Stone Soup version 0.30-a0-859-gf88a04b62d (webtiles) character file.

Game seed: 2949508329713670344

32 lunkers the Cutter (level 3, -5/31 HPs)
             Began as a Meteoran Fighter on Mar 2, 2023.
             Slain by Terence
             ... wielding a +0 morningstar
              (13 damage)
             ... on level 2 of the Dungeon on Mar 6, 2023.
             The game lasted 00:02:35 (677 turns).

lunkers the Cutter (Meteoran Fighter)                Turns: 677, Time: 00:02:36

Health: -5/31      AC:  6    Str: 18    XL:     3   Next: 64%
Magic:  4/4        EV:  9    Int:  9    God:
Gold:   27         SH:  5    Dex: 15    Spells: 2/2 levels left

rFire   . . .      SeeInvis .    a - +0 rapier
rCold   . . .      Faith    .    c - +0 buckler
rNeg    . . .      Spirit   .    b - +0 scale mail
rPois   .          Reflect  .    (no helmet)
rElec   .          Rampage  .    (no cloak)
rCorr   .                        (no gloves)
Will    .....                    (no boots) Stlth
                                 f - amulet of regeneration
HPRegen 1.05/turn                j - ring of wizardry
MPRegen 0.09/turn                (no ring)

@: mighty, glowing
A: sense surroundings 1, otherworldly, glowing, explore regen
a: no special abilities


You were on level 2 of the Dungeon.
You visited 1 branch of the dungeon, and saw 2 of its levels.

You collected 27 gold pieces.

Inventory:

Hand Weapons
 a - a +0 rapier (weapon)
Armour
 b - a +0 scale mail (worn)
 c - a +0 buckler (worn)
Jewellery
 f - an amulet of regeneration (around neck)
 j - a ring of wizardry (left hand)
Scrolls
 g - a scroll of torment {unknown}
 i - a scroll of blinking {unknown}
Potions
 d - a potion of might
 e - 2 potions of brilliance {unknown}
 h - 2 potions of curing {unknown}


   Skills:
 - Level 3.2 Fighting
 + Level 4.0 Short Blades
 - Level 3.6 Armour
 - Level 3.6 Shields


You had 2 spell levels left.
You didn't know any spells.
Your spell library contained the following spells:

 Spells                   Type           Power      Damage    Failure   Level
 Inner Flame              Hex/Fire       0%         N/A       86%         3
 Cause Fear               Hex            0%         N/A       99%         4
 Discord                  Hex            0%         N/A       100%        8


Dungeon Overview and Level Annotations

Branches:
Dungeon (2/15) Zot: 515

Altars:

Annotations:
D:2 Terence


Innate Abilities, Weirdness & Mutations

You passively map a small area around you.
You are easily found by Zot.
You glow in the dark.
You regain HP and MP as you explore.


Message History

You kill the endoplasm!
Your Short Blades skill increases to level 4!
Terence hits you with a +0 morningstar.
You barely miss Terence. You block Terence's attack.
The kobold hits you but does no damage.
You hit Terence but do no damage. Terence barely misses you.
The kobold completely misses you.
You hit Terence but do no damage. Terence barely misses you.
The kobold hits you but does no damage.
You hit Terence but do no damage. You block Terence's attack.
The kobold hits you with a +0 dagger. You block the kobold's attack.
Terence hits you but does no damage.
You hit Terence.
Terence is moderately wounded.
Terence hits you with a +0 morningstar! The kobold hits you but does no damage.
You hit Terence.
Terence is moderately wounded.
Terence hits you with a +0 morningstar!
* * * LOW HITPOINT WARNING * * *
The kobold hits you with a +0 dagger.
* * * LOW HITPOINT WARNING * * *
The kobold attacks as you move away! The kobold hits you with a +0 dagger.
* * * LOW HITPOINT WARNING * * *
Terence attacks as you move away! Terence hits you with a +0 morningstar.
* * * LOW HITPOINT WARNING * * *
Terence attacks as you move away! Terence barely misses you.
Okay, then.
Level annotation: Terence Welcome back, lunkers the Meteoran Fighter.
Press ? for a list of commands and other information.
You feel very mighty all of a sudden. Terence hits you with a +0 morningstar.
* * * LOW HITPOINT WARNING * * *
You hit Terence.
Terence is heavily wounded.
Terence hits you but does no damage.
You hit Terence.
Terence is almost dead.
Terence hits you with a +0 morningstar!
You die...

# * ###. , , * ....###### ,
*##.(...#.. *
,.....$.#.######### ,
#...............#######
###.#..#K.#KS.....<...(#
....?.....#@####.#.....#####
, ###.#.#.###@#
#............ * * # #.##.<.#
###.....##### * ,.#.....#
#.....# *.#.##...# ###.### *
#.#, ####### #.# #### , . ^
..# #.. ,..## , #? * #.#
###* #.#. ,, #.# #.#. * #.#
#...


You could see Terence, an adder and a kobold.

Vanquished Creatures
  A worm (D:2)
  4 bats
  5 endoplasms
  2 giant cockroaches
  2 goblins (D:1)
  2 hobgoblins (D:1)
  A quokka (D:1)
  2 frilled lizards (D:1)
  5 kobolds
  3 rats
27 creatures vanquished.

Notes
Turn   | Place    | Note
-------+----------+-------------------------------------------
     0 | D:1      | lunkers the Meteoran Fighter began the quest for the Orb.
     0 | D:1      | Reached XP level 1. HP: 19/19 MP: 2/2
    43 | D:1      | Reached XP level 2. HP: 26/26 MP: 3/3
    85 | D:1      | Reached skill level 3 in Short Blades
   310 | D:1      | Reached XP level 3. HP: 29/31 MP: 4/4
   659 | D:2      | Noticed Terence
   662 | D:2      | Reached skill level 4 in Short Blades
   675 | D:2      | Upgraded the game from 0.30-a0-845-g7c6808c8ce to
                  | 0.30-a0-859-gf88a04b62d
   677 | D:2      | Slain by Terence

Illustrated notes

Levels and vault maps discovered:
D:1:      nagdon_arrival_zigzag_paths, layout_loops_ring,
          shapermc_ecumenical_altar_petra, minmay_crystal_water
D:2:      layout_loops_ring, uniq_terence

Skill      XL: |  1  2  3 |
---------------+----------+-----
Short Blades   | 3 4 |  4.0
Fighting       | |  3.2
Armour         | |  3.6
Shields        | |  3.6

Action                     || total
---------------------------++-------
  Melee: Rapier            ||    93
    Use: Potion            ||     1
 Armour: Scale mail        ||    35
  Dodge: Dodged            ||    42
  Block: Buckler           ||    22

Table legend: (Time is in decaauts)
 A = Elapsed time spent in this place.
 B = Non-inter-level travel time spent in this place.
 C = Inter-level travel time spent in this place.
 D = Time resting spent in this place.
 E = Time spent auto-exploring this place.
 F = Levels seen in this place.
 G = Mean time per level.
                   A        B        C        D        E       F      G
               +--------+--------+--------+--------+--------+-----+--------+
         Total |    683 |    600 |     83 |      0 |    409 |   2 |  341.5 |
       Dungeon |    683 |    600 |     83 |      0 |    409 |   2 |  341.5 |
               +--------+--------+--------+--------+--------+-----+--------+

Top non-repeatable levels by time:
     D:1: 435 daAuts
     D:2: 247 daAuts
